maleificent, chaotic female human Rogue -----+- |...`.|## # |.<.).|# oo% |......##### @ -------# ff%[[)###)########## maleificent the Rogue Experience level: 8 Strength: 17 Dexterity: 18 Constitution: 16 Intelligence: 13 Wisdom: 8 Charisma: 7 Health: 0(59) Energy: 31(31) Def: 12 Gold: 510 Moves: 6917 Dungeon seed: Q0xBqkA9l6AghwG2 Game ID: maleificent_1514249958 Your Inventory: Coins $ - 510 gold pieces Weapons b - 14 uncursed +0 daggers (in quiver) i - 4 uncursed +3 daggers named +3 A - an uncursed +0 elven dagger named +0 (weapon in hand) V - an uncursed +2 dagger named +2 Armor c - an uncursed +0 elven mithril-coat (being worn) e - an uncursed +1 cloak of invisibility q - an uncursed +0 cloak of invisibility y - a blessed +0 elven shield (being worn) z - a blessed +1 dwarvish cloak (being worn) N - an uncursed +0 pair of speed boots (being worn) Q - an uncursed +0 pair of leather gloves (being worn) Y - an uncursed +0 dwarvish iron helm (being worn) Comestibles f - an uncursed tripe ration h - 7 uncursed food rations j - an uncursed apple r - 2 uncursed eggs w - 3 uncursed cherries Tools k - an uncursed lock pick m - an uncursed magic lamp (lit) x - an uncursed leash (in use) B - an uncursed sack C - an uncursed blindfold Contents of the sack: 60 gold pieces a blessed potion of extra healing an uncursed potion of invisibility an uncursed potion of levitation a cursed potion of levitation an uncursed potion of object detection an uncursed +0 pick-axe named nc Spells and supernatural/magical abilities: Name Level Category Fail Memory W - pray for help -- divine ? -- Your skills at the end: Fighting Skills Weapon Skills dagger [Basic] short sword [Basic] Spellcasting Skills Final Attributes: You were piously aligned. You were telepathic. You were stealthy. You were very fast. You are dead. Vanquished creatures: a tengu 2 giant beetles a giant spider a gnome king an ogre a gold golem 2 dingos a blue jelly a gnome mummy a snake 3 soldier ants a water nymph a rock piercer 2 ponies a fog cloud 2 shriekers a violet fungus 7 gnome lords 3 gnomish wizards a kobold mummy a golden naga hatchling a baby crocodile 4 giant ants 2 little dogs 2 floating eyes 13 dwarves 7 hill orcs a rabid rat a centipede a giant bat a monkey 3 orc zombies 2 dwarf zombies a wererat 3 werejackals 3 iguanas 2 acid blobs 7 coyotes 2 gas spores 2 hobbits 6 manes 2 large kobolds 8 giant rats 4 cave spiders a yellow mold a green mold 2 red molds 40 gnomes 11 garter snakes a gnome zombie 6 geckos 7 jackals 2 foxes 3 goblins 2 sewer rats 4 grid bugs 5 lichens 2 kobold zombies 8 newts 208 creatures vanquished. Voluntary challenges: You had been an atheist until turn 3792. You used a wielded weapon 369 times, starting on turn 78. You read items or engraved 26 times, starting on turn 3616. You never genocided any monsters. You never polymorphed an object. You never changed form. You used no wishes. You never split a pudding. You wrote Elbereth's name 23 times, starting on turn 3616. You never violated your personal moral code. Dungeon overview: The Dungeons of Doom: levels 1 to 7 Level 1 a fountain a long staircase Level 2 (armor shop) an armor shop, a fountain stairs to The Gnomish Mines Level 3 a general store, a fountain Level 4 (armor shop) an armor shop, a fountain Level 5 a fountain Level 6 Level 7 <- You were here The Gnomish Mines: levels 3 to 7 Level 3 stairs to The Dungeons of Doom Level 4 Level 5 (stash) Level 6 many shops, a temple to Kos, some fountains Level 7 History has recorded: On T:1 you entered the Dungeons of Doom to retrieve the Amulet of Yendor! On T:134 you reached level 2 of The Dungeons of Doom. On T:426 you reached level 1 of The Gnomish Mines. On T:480 you reached level 3 of The Dungeons of Doom. On T:1005 you advanced to experience level 2. On T:1261 you advanced to experience level 3. On T:1316 you reached level 4 of The Dungeons of Doom. On T:1374 you advanced to experience level 4. On T:1543 you reached level 5 of The Dungeons of Doom. On T:2037 you reached level 6 of The Dungeons of Doom. On T:3249 you advanced to experience level 5. On T:3553 you reached level 2 of The Gnomish Mines. On T:3613 you reached level 4 of The Gnomish Mines. On T:3672 you reached level 5 of The Gnomish Mines. On T:3824 you advanced to experience level 6. On T:3972 you reached level 3 of The Gnomish Mines. On T:4815 you advanced to experience level 7. On T:6075 you advanced to experience level 8. On T:6857 you reached level 7 of The Dungeons of Doom. Score breakdown: Gold: 570 ( 9377 points) Experience: 8 levels (14739 points) Exploration: 7 levels ( 14.29%) (10606 points) Discoveries: 15 items ( 5.03%) ( 6730 points) Valuables value: (no points given unless you survive) Artifact value: 0 ( 0 points) Variety of kills: 59 monsters ( 15.49%) (11805 points) Turncount: 6917 turns (-1834 points) Survival: died (score multiplied by 80%) Total score: 41138 Latest messages: The hill orc misses. The hill orc swings his curved sword. The hill orc misses. You hit the hill orc! The hill orc just misses! The lynx hits! The lynx misses. The lynx just misses! You hit the hill orc. The lynx hits! The lynx misses. (2x) The hill orc hits! The hill orc swings his curved sword. The hill orc hits! You kill the hill orc! You hit the lynx. The lynx hits! The lynx misses. The lynx bites! The hill orc swings his curved sword. The hill orc hits! You die... Final status: Goodbye maleificent the Rogue, killed by a hill orc... You died in The Dungeons of Doom on dungeon level 7 with 41138 points, and 570 pieces of gold, after 6917 moves. You were level 8 with a maximum of 59 hit points when you died.